[Event "FRA-chT1"]
[Site "Sautron"]
[Date "2013.04.06"]
[Round "10.2"]
[White "Barbot, Pierre"]
[Black "Shirazi, Kamran"]
[Result "1/2-1/2"]
[ECO "B28"]
[WhiteElo "2345"]
[BlackElo "2405"]
[Annotator "Barbot,P/Primel,D"]
[PlyCount "225"]
[EventDate "2013.04.??"]
[EventType "team-match"]
[EventRounds "9"]
[EventCountry "FRA"]
[SourceTitle "EXT 2014"]
[Source "ChessBase"]
[SourceDate "2013.11.20"]
[SourceVersion "1"]
[SourceVersionDate "2013.11.20"]
[SourceQuality "1"]
[WhiteTeam "Sautron"]
[BlackTeam "Bois Colombes"]
[WhiteTeamCountry "FRA"]
[BlackTeamCountry "FRA"]
[TimeControl "6000+1825"]
[WhiteClock "0:11:12"]
[BlackClock "0:03:14"]

1. e4 c5 2. Nf3 a6 3. c3 {La ligne critique} (3. d4 cxd4 4. Nxd4 e5 $11) (3. g3
$5 Nc6 4. Bg2 e6 5. O-O d6 6. d4 {Transpose dans une Taimanov} cxd4 7. Nxd4 Qc7
8. Nc3) 3... d5 4. exd5 Qxd5 5. d4 e6 6. Be2 Nf6 7. O-O Nbd7 (7... Nc6 8. Be3
cxd4 9. Nxd4 Nxd4 10. Qxd4 e5 11. Qh4 Be7 12. Rd1 Qe6 13. Nd2 O-O 14. Ne4 Nxe4
15. Qxe4 f5 16. Qd5 Qxd5 17. Rxd5 Bf6 18. Rd6 Be7 19. Bc4+ Kh8 20. Rd2 f4 21.
Bb6 f3 22. Re1 Bg5 23. Be3 Be7 24. gxf3 Rxf3 25. Bd4 Be6 26. Bxe6 exd4 27. Bd5
Bg5 28. Rxd4 Rf6 29. Bxb7 Raf8 30. Re2 h5 31. Rd5 Rg6 32. Kf1 Rb8 33. Bxa6 {
1-0 (33) Ni Hua (2646)-Bu Xiangzhi (2677) Ningbo 2011}) 8. c4 Qd6 9. Nc3 cxd4
10. Nxd4 Qc7 11. Re1 $146 (11. a3 Bd6 12. g3 Be5 13. Be3 O-O 14. f4 Bxd4 15.
Qxd4 b6 16. Rad1 Bb7 17. Qd6 Qc6 18. Qxc6 Bxc6 19. Rd6 Rac8 20. b4 Bb5 21. cxb5
Rxc3 22. Bd4 Rxa3 23. bxa6 Rc8 24. Bf3 Kf8 {1-0 (25) Fiorito,F (2386)-Bulcourf,
C (2288) Buenos Aires 2001}) (11. Bg5 Be7 12. Rc1 O-O 13. Qd2 b6) 11... Be7 12.
Bf1 O-O 13. Nd5 Nxd5 14. cxd5 Bb4 $1 15. Re3 exd5 16. Nf5 (16. Rg3) 16... Ne5 17. Nxg7 $5 (17. Qd4 Bxf5 18. Rxe5) 17... Kxg7
18. Qd4 Bd6 19. Rg3+ Kh8 20. Bh6 Rg8 21. Qh4 $6 Qe7 (21... Rg6 $142) (21... Ng4 ) 22. Bg5 Rxg5 23. Rxg5 Ng6 24. Qh5 Be6 25. g3 Rg8
26. Bd3 Rg7 27. Qh6 Qf6 28. Re1 Be7 (28... Bc5 29. Re2 Qf3 $19) 29. h4 Nxh4 $2
30. Qxf6 Bxf6 31. gxh4 Bxg5 32. hxg5 Rxg5+ 33. Kh2 Rg4 34. Rc1 h5 35. Be2 Rd4
36. Rc2 h4 37. Kg2 Kg7 38. b3 Kf6 39. Bf3 a5 40. Rc7 b6 41. Rc6 Rb4 42. Bxd5
Ke5 43. Bxe6 fxe6 44. Kf3 Kd5 45. Rc8 Kd4 46. Rc6 e5 47. Ke2 b5 48. Kf3 Kd3 49.
Rc5 e4+ 50. Kg2 e3 51. fxe3 Kxe3 52. Kh3 a4 53. bxa4 bxa4 54. Rd5 Rd4 55. Rf5
Kd2 56. Rf2+ Kc1 57. a3 Kb1 58. Rg2 Rf4 59. Re2 Rf3+ 60. Kxh4 Rxa3 61. Re4 Kc2
62. Rf4 Ra1 63. Kg3 a3 64. Rf2+ Kc3 65. Rf3+ Kb4 66. Rf4+ Kc5 67. Rf5+ Kd4 68.
Rf4+ Ke5 69. Ra4 Kd5 70. Kf2 Kc5 71. Ra8 Kb4 72. Rb8+ Kc4 73. Rc8+ Kb3 74. Rb8+
Ka2 75. Ke2 Rb1 76. Rc8 Rb4 $4 (76... Kb2 $1 77. Rb8+ Ka1 78. Ra8 a2 79. Kd2
Kb2 80. Rb8+ Ka3 81. Ra8+ Kb3 82. Rb8+ Kc4 ) 77. Kd2
Kb2 78. Rc2+ Kb3 79. Rc3+ Ka4 80. Rc2 Rh4 81. Kc3 Rh3+ 82. Kc4 Rh8 83. Kc3 Rh1
84. Rg2 Rc1+ 85. Rc2 Rb1 86. Rg2 Rb3+ 87. Kc4 Rb8 88. Rc2 Rb2 89. Kc3 Rb3+ 90.
Kc4 Rg3 91. Rh2 Rg1 92. Kc3 Rc1+ 93. Rc2 Rf1 94. Rg2 Rc1+ 95. Rc2 Rb1 96. Rg2
Rb3+ 97. Kc4 Rb2 98. Rg8 Rc2+ 99. Kd3 Rc5 100. Ra8+ Kb3 101. Rb8+ Ka2 102. Kd2
Ka1 103. Rb7 Rh5 104. Kc2 Rh2+ 105. Kc1 Rb2 106. Ra7 Ka2 107. Ra8 Rb4 108. Kc2
Rb2+ 109. Kc1 Rb6 110. Kc2 Rb5 111. Ra7 Rc5+ 112. Kd2 Rd5+ 113. Ke2 {
[WhiteClock "0:11:12"] [BlackClock "0:03:14"]} 1/2-1/2